 Dungeon Crawl Stone Soup version 0.27.0-1-g7a089689b8 (webtiles) character file.

Game seed: 14785489147886099694

146 sanka the Chopper (level 5, -4/36 (43) HPs)
             Began as a Palentonga Chaos Knight on Aug 5, 2021.
             Was a Plaything of Xom.
             Slain by an orc (7 damage)
             ... on level 4 of the Dungeon.
             The game lasted 00:03:58 (3634 turns).

sanka the Chopper (Palentonga Chaos Knight)         Turns: 3634, Time: 00:04:00

HP:   -4/36 (43)    AC:  6    Str: 16    XL:     5   Next: 7%
MP:   5/5           EV:  6    Int: 13    God:    Xom [*.....]
Gold: 106           SH:  6    Dex:  9    Spells: 4/4 levels left

rFire    . . .     SeeInvis +   a - +0 hand axe (chaos)
rCold    . . .     Faith    .   h - +0 kite shield
rNeg     . . .     Spirit   .   b - +2 leather armour
rPois    .         Reflect  .   (no helmet)
rElec    .         Harm     .   (no cloak)
rCorr    .         Rampage  .   (no gloves)
Will     .....                  (no barding)
Stlth    +.........             (no amulet)
HPRegen  0.12/turn              (no ring)
MPRegen  0.09/turn              (no ring)

@: heavily drained
A: large, rugged brown scales 3, see invisible, deformed body, roll 1, armoured
tail
a: Rolling Charge, Renounce Religion


You were on level 4 of the Dungeon.
You worshipped Xom.
You were a special plaything of Xom.
You visited 1 branch of the dungeon, and saw 5 of its levels.

You collected 106 gold pieces.


Innate Abilities, Weirdness & Mutations

You are completely covered in rugged brown scales. (AC +3, +7% HP)
You have supernaturally acute eyesight. (SInv)
Armour fits poorly on your strangely shaped body.
You can roll at nearby foes to attack.
You have a long armoured tail.


   Skills:
 - Level 3.0 Fighting
 + Level 5.8 Axes
 - Level 1.5 Armour
 - Level 0.7 Dodging


You had 4 spell levels left.
You didn't know any spells.
Your spell library was empty.

Inventory:

Hand Weapons
 a - a +0 hand axe of chaos (weapon)
Armour
 b - a +2 leather armour (worn)
 h - a +0 kite shield (worn)
Magical Staves
 n - a staff of fire
Wands
 j - a wand of flame (14)
Scrolls
 d - a scroll of fog {unknown}
 e - a scroll of magic mapping {unknown}
 f - 3 scrolls of teleportation {unknown}
 g - 2 scrolls of vulnerability {unknown}
 k - 2 scrolls of enchant weapon {unknown}
 m - 2 scrolls of noise {unknown}
 o - a scroll of blinking {unknown}
Potions
 c - a potion of heal wounds {@q2}
 i - 2 potions of lignification {unknown}
 l - 3 potions of curing {unknown}

Dungeon Overview and Level Annotations

Branches:
Dungeon (5/15)
 Temple: D:4-7

Altars:
Xom

▒.▒ ▒.▒ ▒.▒.▒▒.▒▒..▒▒▒▒▒▒▒▒▒.
..▒ ▒.▒▒▒▒▒.▒.▒▒.▒▒..▒ ▒.
..▒▒ ▒.▒▒....▒.▒▒.▒▒..▒ ▒.
...▒ ▒....▒▒▒▒........▒ ▒.
..▒▒ ▒▒▒▒▒▒ ▒▒▒▒.▒▒▒.▒▒▒▒▒ ▒.
.▒▒ ▒............▒ ▒.
▒▒▒▒▒▒▒▒ ▒..bb........▒ ▒▒.
.......▒▒▒▒▒▒▒.s..b...▒▒..▒
▒..
.▒▒▒▒..........)Ho....▒▒).▒
▒.▒ ▒▒
▒..▒▒▒▒▒▒▒...g...▒▒.<.▒▒▒▒▒.▒
▒...........bb...▒▒..........
▒.▒▒▒▒▒▒▒....b...............
▒.▒ ▒.▒▒▒.....).....▒▒▒.▒
▒▒▒▒▒.▒ ▒.▒ ▒▒▒▒▒.......▒ ▒.▒
...▒▒.▒ ▒.▒ ▒▒▒...▒▒▒ ▒.▒
▒▒.▒▒.▒ ▒▒▒▒.▒▒▒▒▒▒▒
▒...▒▒▒▒▒.▒
8▒.▒▒.▒▒▒▒..........▒
▒▒........▒


You could see a scorpion (petrified), a gnoll (drained) and an orc (berserk).


Message History

You block the orc's attack. The gnoll hits you with a +0 flail!
* * * LOW HITPOINT WARNING * * *
A shower of butterflies erupts from you!
The scorpion stings you but does no damage.
You hit the gnoll but do no damage.
The gnoll is severely wounded.
You hit the gnoll but do no damage. You drain the gnoll.
You hit the orc but do no damage.
The orc goes berserk!
You hit the scorpion. The orc hits you but does no damage.
The gnoll closely misses you. The gnoll hits you but does no damage.
The scorpion stings you but does no damage.
The orc hits you with a +0 whip.
* * * LOW HITPOINT WARNING * * *
The gnoll hits you with a +0 flail.
* * * LOW HITPOINT WARNING * * *
You block the gnoll's attack.
You slash the gnoll!
You kill the gnoll!
You hit the scorpion but do no damage. You hit the orc but do no damage.
Lightning courses through the orc! You hit the gnoll but do no damage.
The scorpion stops moving altogether!
The orc hits you with a +0 whip!
You die...

Action                   |  1- 3 |  4- 6 || total
-------------------------+-------+-------++-------
Melee: Hand axe          |   113 |    74 ||   187
       Tailslap          |     7 |     6 ||    13
  Use: Potion            |     1 |       ||     1
 Stab: Sleeping          |     1 |       ||     1
Armor: Leather armour    |    51 |    40 ||    91
       Skin              |       |     6 ||     6
Dodge: Dodged            |    49 |    24 ||    73
Block: Kite shield       |    21 |    33 ||    54

Levels and vault maps discovered:
D:1:      onia_arrival_zoo_common, layout_loops_ring, minmay_misc_feat_rugged
D:2:      layout_loops_cross, kennysheep_generic_room_12
D:3:      layout_basic
D:4:      layout_loops_ring, minmay_misc_feat_chi, serial_park_tiny_pond,
          minmay_misc_feat_hallway, chequers_serial_rivers_micro_e
D:5:      layout_rooms, grunt_temple_overflow_champion_of_chaos,
          small_statue_intersection, serial_bayou_pond_b

Notes
Turn   | Place    | Note
-------+----------+-------------------------------------------
     0 | D:1      | sanka the Palentonga Chaos Knight began the quest for the
                  | Orb.
     0 | D:1      | Reached XP level 1. HP: 19/19 MP: 1/1
     6 | D:1      | Noticed a snapping turtle
     6 | D:1      | Noticed a salamander
     7 | D:1      | Noticed a four-headed hydra
     7 | D:1      | Noticed a wolf
    21 | D:1      | XOM: silly message
    87 | D:1      | XOM: silly message
   156 | D:1      | Reached XP level 2. HP: 25/25 MP: 2/2
   255 | D:1      | XOM: noise
   470 | D:1      | XOM: silly message
   674 | D:1      | XOM: scenery: create altars
   750 | D:1      | Reached skill level 4 in Axes
  1067 | D:2      | Reached XP level 3. HP: 27/31 MP: 3/3
  1116 | D:2      | XOM: 1-stop teleportation journey
  1232 | D:2      | HP: 3/31 [adder (1)]
  1233 | D:2      | HP: 1/31 [adder (1)]
  1707 | D:2      | XOM: cloud trail
  1967 | D:3      | Reached XP level 4. HP: 37/37 MP: 4/4
  2079 | D:3      | Reached skill level 5 in Axes
  2105 | D:3      | XOM: enchant monster (bad)
  2721 | D:4      | XOM: noise
  3316 | D:4      | XOM: cast spell 'Statue Form'
  3327 | D:4      | Reached XP level 5. HP: 29/43 MP: 5/5
  3449 | D:4      | XOM: god gift: scroll labelled HEQELO YTTO {god gift}
  3623 | D:5      | Entered Level 5 of the Dungeon
  3627 | D:5      | XOM: silly message
  3628 | D:5      | Noticed an ice beast
  3629 | D:5      | XOM: draining
  3632 | D:4      | XOM: butterfly on damage
  3633 | D:4      | HP: 3/36 [gnoll (4)]
  3634 | D:4      | Slain by an orc

Vanquished Creatures
  An iguana (D:4)
  A gnoll (D:4)
  6 adders
  A dart slug (D:1)
  6 orcs
  3 endoplasms
  6 goblins
  7 hobgoblins
  6 kobolds
  3 quokkas
  3 ball pythons
  5 bats
  5 frilled lizards
  7 rats
60 creatures vanquished.
